cohdb
Replays
Latest Replays
All Replays
Popular Replays
Top Player Replays
Match Explorer
How It Works
Community
CoH3 Stats
Reddit
Sign in to upload your games and track your stats! →
Sign in with Steam
Match 44141944
Unlisted
Match 44141944
Overview
Messages
Build Orders
End
Construct Infanterie Kompanie
Pioneer Squad
Pioneer Squad
Grenadier Squad
Selects Luftwaffe Battlegroup
Grenadier Squad
Grenadier Squad
Infanterie Officer Quarters
Selects Stuka Strafing Run
Selects Luftwaffe Pioneer Support
Grenadier Squad
Grenadier Squad
Grenadier Squad
Grenadier Squad
Selects LG40 Recoilless Gun Paradrop
LG40 Recoilless Gun Paradrop
Construct Panzergrenadier Kompanie
Panzergrenadier Officer Quarters
LG40 Recoilless Gun Paradrop
LG40 Recoilless Gun Paradrop
Grenadier Squad
Selects Infantry Reserves
Selects Fallschirmjäger Squad Paradrop
Barbarossa
MähnGiL
0
0
Comments
sign in to comment!
No comments posted yet!